 Dungeon Crawl Stone Soup version 0.29-a0-1052-g6990b1bffc (webtiles) character file.

Game seed: 983214555372410983

1483 themarg the Insei (level 8, -3/56 (61) HPs)
             Began as a Gnoll Transmuter on Aug 17, 2022.
             Was an Initiate of Gozag.
             Slain by a wight
             ... wielding a +5 battleaxe
              (8 damage)
             ... on level 7 of the Dungeon.
             The game lasted 00:27:16 (7248 turns).

themarg the Insei (Gnoll Transmuter)                Turns: 7248, Time: 00:27:17

HP:   -3/56 (61)    AC:  2    Str:  9    XL:     8   Next: 79%
MP:   17/17         EV: 15    Int: 15    God:    Gozag
Gold: 712           SH:  0    Dex: 17    Spells: 13/19 levels left

rFire   . . .      SeeInvis .   q - +6 mace of Qade {vorpal, rPois Will+ Dex+4}
rCold   . . .      Faith    .   (no shield)
rNeg    . . .      Spirit   .   a - +0 robe
rPois   +          Reflect  .   (helmet currently unavailable)
rElec   .          Harm     .   (no cloak)
rCorr   .          Rampage  .   (no gloves)
Will    +....                   (boots currently unavailable)
Stlth   +++.......              (no amulet)
HPRegen 0.18/turn               u - ring of wizardry
MPRegen 0.15/turn               (no ring)

@: appendages, wereblooded, drained
A: horns 2, talons 2, fangs 1, strong nose, distributed training
a: End Transformation, Renounce Religion, Potion Petition, Call Merchant, Bribe
Branch


You were on level 7 of the Dungeon.
You worshipped Gozag.
Gozag was pleased with you.
You had temporarily grown beastly horns and talons.
You visited 2 branches of the dungeon, and saw 8 of its levels.
You also visited: Ossuary.

You collected 842 gold pieces.
You paid 130 gold pieces to Gozag.

Inventory:

Hand Weapons
 q - the +6 mace of Qade (weapon) {vorpal, rPois Will+ Dex+4}
   (You found it on level 2 of the Dungeon)

   It inflicts extra damage upon your enemies.
   Dex:       It affects your dexterity (+4).
   rPois:     It protects you from poison.
   Will:      It increases your willpower.
Missiles
 d - 79 stones
 t - 3 throwing nets
Armour
 a - a +0 robe (worn)
 e - a +0 leather armour
 x - a +2 hat (melded)
 z - quicksilver dragon scales
 D - a +1 pair of boots (melded)
Jewellery
 k - a ring of ice
 u - a ring of wizardry (left hand)
Wands
 A - a wand of charming (6)
 B - a wand of polymorph (5)
Scrolls
 c - 4 scrolls of butterflies
 i - 2 scrolls of enchant armour
 l - 3 scrolls of fear
 o - 2 scrolls of teleportation {unknown}
 r - a scroll of silence
 s - a scroll of magic mapping {unknown}
 v - a scroll of noise {unknown}
 w - a scroll of immolation {unknown}
 y - 3 scrolls of torment {unknown}
 E - a scroll of enchant weapon {unknown}
 H - a scroll of summoning {unknown}
 J - a scroll of poison {unknown}
Potions
 b - 7 potions of lignification
 f - 2 potions of mutation {unknown}
 g - 4 potions of brilliance
 h - a potion of invisibility {unknown}
 j - a potion of degeneration {unknown}
 m - 5 potions of curing
 n - 2 potions of attraction {unknown}
 p - 5 potions of heal wounds
 C - a potion of haste {unknown}
 F - 3 potions of might {unknown}
 G - a potion of flight {unknown}
 I - a potion of ambrosia {unknown}
 K - a potion of berserk rage {unknown}


   Skills:
 + Level 4.6 Fighting
 + Level 3.7 Short Blades
 + Level 3.7 Long Blades
 + Level 3.7 Axes
 + Level 3.7 Maces & Flails
 + Level 3.7 Polearms
 + Level 3.7 Staves
 + Level 3.7 Ranged Weapons
 + Level 3.7 Throwing
 + Level 3.7 Armour
 + Level 6.0 Dodging
 + Level 3.7 Stealth
 + Level 3.7 Shields
 + Level 7.6 Unarmed Combat
 + Level 6.3 Spellcasting
 + Level 3.0 Conjurations
 + Level 3.0 Hexes
 + Level 3.0 Summonings
 + Level 3.0 Necromancy
 + Level 3.0 Translocations
 + Level 4.9 Transmutations
 + Level 3.0 Fire Magic
 + Level 3.0 Ice Magic
 + Level 3.0 Air Magic
 + Level 3.0 Earth Magic
 + Level 3.0 Poison Magic
 + Level 4.1 Invocations
 + Level 3.7 Evocations


You had 13 spell levels left.
You knew the following spells:

 Your Spells              Type           Power      Damage    Failure   Level
a - Beastly Appendage     Tmut           38%        N/A       1%          1
b - Wereblood             Tmut           19%        N/A       1%          2
c - Spider Form           Tmut/Pois      16%        N/A       3%          3

Your spell library contained the following spells:

 Spells                   Type           Power      Damage    Failure   Level
 Passwall                 Tmut/Erth      13%        N/A       1%          2
 Ensorcelled Hibernation  Hex/Ice        26%        N/A       2%          2
 Swiftness                Air            13%        N/A       4%          3
 Ice Form                 Ice/Tmut       16%        N/A       11%         4
 Fulminant Prism          Conj/Hex       6%         3d7       16%         4
 Iskenderun's Mystic Bla  Conj/Tloc      13%        2d5       16%         4
 Lee's Rapid Deconstruct  Erth           6%         3d7*      41%         5


Dungeon Overview and Level Annotations

Branches:
Dungeon (7/15)             Temple (1/1) D:5         Ossuary (visited)

Altars:
Ashenzari
Cheibriados
Dithmenos
Elyvilon
Fedhas
Gozag
Hepliaklqana
Makhleb
Okawaru
Qazlal
Sif Muna
Trog
Uskayaw
Wu Jian
Yredelemnul
Zin
The Shining One

Shops:
D:1 =


Innate Abilities, Weirdness & Mutations

You have temporarily grown beastly horns and talons.
You have very sharp teeth.
Your uncanny sense of smell can sniff out nearby items.
Your experience applies equally to all skills.


Message History

Your bite misses the wight.
The wight is heavily damaged.
The wight hits you with a +0 morningstar!
You completely miss the wight. You claw the wight.
The wight is severely damaged.
The wight hits you with a +0 morningstar.
You thump the wight!
You feel a bit better.
You destroy the wight!
You hit the wight. You headbutt the wight.
You bite the wight, but do no damage.
The wight is heavily damaged.
The wight hits you with a +0 dagger.
You closely miss the wight. Your kick misses the wight.
Your headbutt misses the wight. Your punch misses the wight.
The wight is heavily damaged.
The wight hits you with a +0 dagger. The wight closely misses you.
You hit the wight. You claw the wight, but do no damage.
You headbutt the wight.
You feel a bit better.
You destroy the wight!
Your life force feels restored.
Your Dodging skill increases to level 6!
You closely miss the wight. The wight hits you with a +5 battleaxe!
* * * LOW HITPOINT WARNING * * *
You feel drained.
* * * LOW HITPOINT WARNING * * *
You feel much better.
You howl as the wereblood boils in your veins!
The wight hits you with a +5 battleaxe!!
* * * LOW HITPOINT WARNING * * *
You feel drained.
* * * LOW HITPOINT WARNING * * *
You completely miss the wight.
You headbutt the wight, but do no damage.
The wight closely misses you. The wight attacks as you move away!
The wight hits you with a +5 battleaxe.
* * * LOW HITPOINT WARNING * * *
You feel drained. The wight attacks as you move away!
The wight hits you with a +5 battleaxe!
You die...
Your body crumbles into a pile of gold.

#.# #.# ..## $
##.# ...## ...#
...> #### ... #
..# ## ##### ..#
.# #...#####..#
.# #.#.@zz.$..#
.# #...######.#
.# ##.## ∆# .#
#.# .# #.# .#
#.# .# #.# .#
########.#
[######........#


You could see 2 wights.

Vanquished Creatures
  2 black bears
  A sky beast (D:6)
  3 ogres
  A bullfrog (D:6)
  A scorpion (D:7)
  2 wights (D:7)
  5 centaur zombies (Ossuary)
  3 hounds
  4 jellies
  An iguana (D:6)
  7 mummies (Ossuary)
  3 gnolls
  7 adders
  A white imp (D:6)
  An ufetubus (D:5)
  4 adder zombies (Ossuary)
  A worm (D:5)
  3 dart slugs
  3 orcs (D:4)
  7 ball pythons
  10 endoplasms
  5 giant cockroaches
  11 goblins
  9 hobgoblins
  4 jackals (D:1)
  6 quokkas
  3 bats
  5 frilled lizards
  4 goblin zombies (Ossuary)
  2 hobgoblin zombies (Ossuary)
  8 kobolds
  3 kobold zombies (Ossuary)
  2 orc zombies (Ossuary)
  7 quokka zombies (Ossuary)
  5 rats
  3 rat zombies (Ossuary)
147 creatures vanquished.

Notes
Turn   | Place    | Note
-------+----------+-------------------------------------------
     0 | D:1      | themarg the Gnoll Transmuter began the quest for the Orb.
     0 | D:1      | Reached XP level 1. HP: 17/17 MP: 6/6
     7 | D:1      | Noticed an anaconda
     7 | D:1      | Noticed a wolf
     7 | D:1      | Noticed a komodo dragon
     7 | D:1      | Noticed a polar bear
   189 | D:1      | Reached XP level 2. HP: 23/23 MP: 5/7
   455 | D:1      | Reached skill level 5 in Spellcasting
   455 | D:1      | Reached XP level 3. HP: 22/28 MP: 6/9
   521 | D:1      | Found Loopoc's Jewellery Shoppe.
   697 | D:1      | Reached skill level 1 in Invocations
   964 | D:1      | Learned a level 2 spell: Wereblood
  1431 | D:2      | Reached skill level 1 in Short Blades
  1431 | D:2      | Reached skill level 1 in Long Blades
  1431 | D:2      | Reached skill level 1 in Axes
  1431 | D:2      | Reached skill level 1 in Maces & Flails
  1431 | D:2      | Reached skill level 1 in Polearms
  1431 | D:2      | Reached skill level 1 in Staves
  1431 | D:2      | Reached skill level 1 in Ranged Weapons
  1431 | D:2      | Reached skill level 1 in Throwing
  1431 | D:2      | Reached skill level 1 in Armour
  1431 | D:2      | Reached skill level 1 in Stealth
  1431 | D:2      | Reached skill level 1 in Shields
  1431 | D:2      | Reached skill level 1 in Evocations
  1633 | D:2      | Identified the +6 mace of Qade {vorpal, rPois Will+ Dex+4}
  1642 | D:2      | Reached XP level 4. HP: 30/34 MP: 9/11
  2280 | D:3      | Reached skill level 1 in Conjurations
  2280 | D:3      | Reached skill level 1 in Hexes
  2280 | D:3      | Reached skill level 1 in Summonings
  2280 | D:3      | Reached skill level 1 in Necromancy
  2280 | D:3      | Reached skill level 1 in Translocations
  2280 | D:3      | Reached skill level 1 in Fire Magic
  2280 | D:3      | Reached skill level 1 in Ice Magic
  2280 | D:3      | Reached skill level 1 in Air Magic
  2280 | D:3      | Reached skill level 1 in Earth Magic
  2280 | D:3      | Reached skill level 1 in Poison Magic
  2886 | D:4      | Reached XP level 5. HP: 39/40 MP: 12/12
  3156 | D:4      | Noticed an ogre
  3194 | D:3      | Learned a level 3 spell: Spider Form
  3201 | D:4      | Killed an ogre
  3202 | D:4      | Reached skill level 5 in Dodging
  3202 | D:4      | Reached XP level 6. HP: 20/47 MP: 11/14
  3965 | D:5      | Entered Level 5 of the Dungeon
  4332 | D:5      | Noticed a black bear
  4343 | D:5      | Killed a black bear
  4344 | D:5      | Reached skill level 7 in Unarmed Combat
  4344 | D:5      | Reached XP level 7. HP: 36/52 MP: 12/15
  4666 | D:5      | Found a staircase to the Ecumenical Temple.
  4674 | Temple   | Entered the Ecumenical Temple
  4838 | Temple   | Became a worshipper of Gozag Ym Sagoz the Greedy
  4942 | D:5      | Found a broken altar of Ashenzari.
  5781 | D:6      | Reached XP level 8. HP: 17/60 MP: 14/16
  6005 | D:6      | Found a glowing silver altar of Zin.
  6006 | D:6      | Found a white marble altar of Elyvilon.
  6006 | D:6      | Found a glowing golden altar of the Shining One.
  6467 | D:7      | Noticed a shadow
  6467 | D:7      | Found a hide-covered altar of Uskayaw.
  6648 | D:7      | Found a sand-covered staircase.
  6654 | Ossuary  | Entered an ossuary
  7248 | D:7      | Slain by a wight

Illustrated notes

Levels and vault maps discovered:
D:1:      onia_arrival_zoo_common, layout_basic, serial_shops, shop_statue,
          chequers_garden
D:2:      minmay_spotlight, layout_loops_corners, minmay_misc_feat_iff
D:3:      layout_rooms, corexii_item_surrounded_by_moat, hex_large,
          moated_statue
D:4:      layout_cave_pools, minmay_circle_x
D:5:      layout_basic, nicolae_ashenzari_panopticon, minmay_temple_entry_ruins
D:6:      layout_basic, good_gods_mini_temple
D:7:      layout_loops_ring, lemuel_round_altar,
          chequers_temple_overflow_statue_of_worship, nicolae_ossuary_entry_plus
Temple:   chequers_temple_sunken

Skill      XL: |  1  2  3  4  5  6  7  8 |
---------------+-------------------------+-----
Spellcasting   | 5 6 |  6.3
Invocations    | 1 2 3 4 |  4.1
Short Blades   | 1 2 3 |  3.7
Long Blades    | 1 2 3 |  3.7
Axes           | 1 2 3 |  3.7
Maces & Flails | 1 2 3 |  3.7
Polearms       | 1 2 3 |  3.7
Staves         | 1 2 3 |  3.7
Ranged Weapons | 1 2 3 |  3.7
Throwing       | 1 2 3 |  3.7
Armour         | 1 2 3 |  3.7
Stealth        | 1 2 3 |  3.7
Shields        | 1 2 3 |  3.7
Evocations     | 1 2 3 |  3.7
Conjurations   | 1 2 3 |  3.0
Hexes          | 1 2 3 |  3.0
Summonings     | 1 2 3 |  3.0
Necromancy     | 1 2 3 |  3.0
Translocations | 1 2 3 |  3.0
Fire Magic     | 1 2 3 |  3.0
Ice Magic      | 1 2 3 |  3.0
Air Magic      | 1 2 3 |  3.0
Earth Magic    | 1 2 3 |  3.0
Poison Magic   | 1 2 3 |  3.0
Fighting       | 3 4 |  4.6
Transmutations | 4 |  4.9
Dodging        | 5 6 |  6.0
Unarmed Combat | 7 |  7.6

Action                   |  1- 3 |  4- 6 |  7- 9 || total
-------------------------+-------+-------+-------++-------
Melee: Unarmed           |    55 |    22 |   114 ||   191
       Kick              |    23 |    16 |     3 ||    42
       Bite              |     9 |     2 |    11 ||    22
       Headbutt          |     9 |     4 |     4 ||    17
       Punch             |     5 |       |     4 ||     9
       Dagger            |    74 |       |       ||    74
       Mace              |       |    78 |    72 ||   150
 Cast: Beastly Appendage |    22 |    24 |     3 ||    49
       Wereblood         |       |     5 |     8 ||    13
       Spider Form       |       |     5 |    16 ||    21
  Use: Scroll            |       |     3 |     4 ||     7
       Potion            |       |       |     1 ||     1
 Stab: Sleeping          |     2 |     1 |    13 ||    16
       Distracted        |       |       |     1 ||     1
Armor: Robe              |    18 |    13 |    31 ||    62
       Skin              |       |     1 |     2 ||     3
Dodge: Dodged            |    87 |    99 |   158 ||   344

Table legend: (Time is in decaauts)
 A = Elapsed time spent in this place.
 B = Non-inter-level travel time spent in this place.
 C = Inter-level travel time spent in this place.
 D = Time resting spent in this place.
 E = Time spent auto-exploring this place.
 F = Levels seen in this place.
 G = Mean time per level.
                   A        B        C        D        E       F      G
               +--------+--------+--------+--------+--------+-----+--------+
         Total |   7302 |   7090 |    212 |   1694 |   3341 |   9 |  811.3 |
       Dungeon |   6570 |   6358 |    212 |   1694 |   3341 |   7 |  938.6 |
        Temple |    222 |    222 |      0 |      0 |      0 |   1 |  222.0 |
       Ossuary |    509 |    509 |      0 |      0 |      0 |   1 |  509.0 |
               +--------+--------+--------+--------+--------+-----+--------+

Top non-repeatable levels by time:
     D:6: 1299 daAuts
     D:4: 1228 daAuts
     D:1: 1186 daAuts
     D:2: 1070 daAuts
     D:3: 810 daAuts
     D:5: 783 daAuts
 Ossuary: 509 daAuts
  Temple: 222 daAuts
     D:7: 191 daAuts
